Map: Coda LE

Players

Neuro - Winner!

  • Race: Zerg Zerg
  • Spawn Location: 11:00

najzmajs

  • Race: Zerg Zerg
  • Spawn Location: 5:00

VOD

http://www.twitch.tv/neurostarcraft/v/3984988

Description

Time

  • Played on: April 3, 2015, 2:02 p.m.
  • Length: 5:29
Show
View Real Time Build Order
Export as new Build Order

Neuro Zerg - Winner!

Build Orders: Hatch First, Ravager All-In 

Get SALT Encoding   

  12  0:01  Drone  
  13  0:13  Overlord  
  13  0:18  Drone  
  14  0:31  Drone x2  
  16  0:37  Drone  
  17  0:53  Hatchery  
  17  0:56  Drone  
  17  1:00  Drone  
  18  1:13  Spawning Pool  
  18  1:17  Drone  
  18  1:20  Drone  
  18  1:22  Extractor  
  18  1:30  Drone  
  19  1:39  Drone  
  20  1:50  Drone  
  21  2:00  Overlord  
  21  2:07  Queen x2  
  25  2:10  Drone  
  26  2:16  Drone  
  26  2:18  Drone  
  26  2:21  Metabolic Boost  
  28  2:29  Drone x2  
  30  2:30  Spine Crawler  
  29  2:37  Roach Warren  
  29  2:42  Drone x2  
  30  2:54  Overlord x2  
  28  3:17  Roach x5  
  38  3:21  Roach  
  40  3:37  Zergling x14  
  39  3:50  Drone x3  
  40  4:06  Drone x3  
  43  4:13  Zergling x4  
  39  4:41  Zergling x12  
  43  4:52  Ravager x2  
Show
View Real Time Build Order
Export as new Build Order

najzmajs Zerg 

Build Orders: Pool First, Zergling Baneling 

Get SALT Encoding   

  12  0:03  Drone  
  13  0:16  Overlord  
  13  0:20  Drone  
  14  0:27  Extractor  
  14  0:35  Drone  
  14  0:38  Drone  
  14  0:39  Drone  
  16  0:53  Spawning Pool  
  16  0:57  Drone  
  16  1:09  Drone  
  16  1:10  Drone  
  18  1:23  Drone  
  19  1:35  Overlord  
  19  1:39  Metabolic Boost  
  19  1:40  Queen  
  19  1:43  Drone  
  22  2:08  Zergling x4  
  22  2:14  Hatchery  
  23  2:25  Baneling Nest  
  23  2:26  Queen  
  24  2:35  Evolution Chamber  
  23  2:40  Zergling x4  
  25  2:45  Overlord  
  25  2:50  Zergling x2  
  26  2:55  Zergling x2  
  27  3:02  Zergling x4  
  29  3:07  Zergling x2  
  28  3:13  Baneling  
  28  3:14  Zergling x2  
  30  3:20  Zergling x4  
  30  3:21  Zergling x2  
  30  3:26  Zergling x2  
  33  3:29  Zergling x2  
  34  3:43  Zergling x2  
  34  3:44  Zergling x2  
  34  3:48  Drone x3  
  35  3:52  Drone  
  35  3:54  Drone  
  34  3:57  Drone  
  36  4:02  Drone  
  36  4:05  Drone  
  36  4:10  Zergling x2  
  36  4:15  Zergling x4  
  39  4:27  Zergling x2  
  39  4:28  Zergling x4  
  41  4:31  Zergling x4  
  41  4:33  Zergling x2  
  41  4:36  Zergling x2  
  41  4:41  Zergling x2  
  41  4:42  Zergling x2  
  41  4:45  Zergling x4  
  40  4:47  Baneling x2  
  40  4:48  Baneling  
  40  4:52  Zergling x2  
  37  4:54  Zergling x2  
  37  4:57  Zergling x2  
  38  5:07  Zergling x6  
Tags
 
Add a new tag
Caveats
  • Supply blocks, unpowered buildings, or Contaminate may cause inaccurate times.
  • Supply counts are checked every 10 seconds.